[Event "Late Titled Tuesday Blitz February 8 2022"]
[White "Nihal Sarin"]
[Black "Weetik, Vjacheslav"]
[WhiteFideId "25092340"]
[BlackFideId "4153472"]
[WhiteElo "2705"]
[BlackElo "2469"]
[Result "1-0"]
[Round "02"]
[TimeControl "180+1"]
[Date "2022.02.08"]
[WhiteClock "0:00:13"]
[BlackClock "0:00:01"]

1. Nf3 Nf6 2. g3 d5 3. Bg2 Bf5 4. O-O e6 5. c4 c6 6. Qb3 Qb6 7. d3 Nbd7 8. Be3 Bc5 9. Bxc5 Nxc5 10. Qa3 a5 11. Nbd2 O-O 12. Rac1 Rfc8 13. Rc2 Na6 14. Rcc1 h6 15. Qc3 Bh7 16. a3 a4 17. Ne5 d4 18. Qc2 Nc5 19. Rb1 Qc7 20. Nef3 e5 21. Ne1 Re8 22. Ne4 Nfd7 23. Nd2 Kh8 24. Bh3 f5 25. f3 Nf6 26. b4 axb3 27. Nxb3 Na4 28. f4 Nc3 29. Rb2 Rxa3 30. Nf3 exf4 31. Nfxd4 c5 32. Qxc3 cxd4 33. Qb4 Rxb3 34. Qxb3 fxg3 35. Qxb7 gxh2+ 36. Kh1 Qg3 37. Qf3 Qh4 38. Bxf5 Bxf5 39. Qxf5 Ng4 40. Qf4 Qh3 41. Rf3 Qh5 42. Rb8 Rxb8 43. Qxb8+ Kh7 44. Qf4 Qh4 45. Rg3 h5 46. c5 Qe7 47. Qe4+ Qxe4+ 48. dxe4 Nf2+ 49. Kxh2 Nxe4 50. c6 Nxg3 51. Kxg3 1-0


[Site "https://www.chess.com"]

[Event "Late Titled Tuesday Blitz February 8 2022"]
[White "Nikologorsky, Matfei"]
[Black "Proleiko, Julian"]
[WhiteFideId "24102474"]
[BlackFideId "30900255"]
[WhiteElo "2231"]
[BlackElo "2116"]
[Result "1-0"]
[Round "02"]
[TimeControl "180+1"]
[Date "2022.02.09"]
[WhiteClock "0:00:23"]
[BlackClock "0:00:24"]

1. e4 c6 2. d4 d5 3. Nc3 dxe4 4. Nxe4 Bf5 5. Ng3 Bg6 6. Bc4 e6 7. N1e2 Bd6 8. h4 h6 9. Nf4 Bh7 10. Ngh5 Kf8 11. Qg4 g6 12. Qf3 Qe7 13. Nxe6+ Ke8 14. Ng7+ Kd7 15. O-O fxe6 16. Nxe6 Qxh4 17. Bf4 Bxf4 18. Nxf4 g5 19. Ne6 Ne7 20. Nc5+ Kc7 21. Rfe1 Nf5 22. Re4 g4 23. Qf4+ Nd6 24. Re6 Rd8 25. Nxb7 Kxb7 26. Rxd6 Rxd6 27. Qxd6 g3 28. fxg3 Qg5 29. Re1 Bf5 30. Re7+ Nd7 31. Rxd7+ Bxd7 32. Qxd7+ Kb6 33. Qd6 Rd8 34. Qb4+ Kc7 35. d5 Qe3+ 36. Kh2 Qb6 37. Qe7+ Rd7 38. d6+ Kc8 39. Be6 Qd8 40. Bxd7+ Qxd7 41. Qxd7+ Kxd7 42. Kh3 Kxd6 43. Kh4 Ke5 44. Kh5 Kf5 45. c4 c5 46. b3 a5 47. a3 Ke4 48. Kxh6 Kd3 49. g4 Kc3 50. g5 Kxb3 51. g6 Kxa3 52. g7 Kb4 53. g8=Q a4 54. Qa8 Kb3 55. g4 a3 56. g5 Kb2 57. g6 a2 58. Qxa2+ Kxa2 59. g7 Kb3 60. g8=Q Kb4 61. Qd5 Kc3 62. Qxc5 Kd3 63. Qd5+ Kc3 64. c5 Kb4 65. c6 Kc3 66. c7 Kb4 67. c8=Q Ka4 68. Qdb7 Ka3 69. Qca8# 1-0


[Site "https://www.chess.com"]

[Event "Late Titled Tuesday Blitz February 8 2022"]
[White "Nilsen, Tobias Lang"]
[Black "Triapishko, Alexandr"]
[WhiteFideId "1521624"]
[BlackFideId "14122286"]
[WhiteElo "2509"]
[BlackElo "2780"]
[Result "0-1"]
[Round "02"]
[TimeControl "180+1"]
[Date "2022.02.09"]
[WhiteClock "0:00:20"]
[BlackClock "0:00:02"]

1. f4 d5 2. Nf3 Nc6 3. g3 Bf5 4. Bg2 e6 5. d3 h5 6. h3 Bc5 7. Nc3 Nf6 8. Ng5 Qe7 9. e3 O-O-O 10. Qe2 Nh7 11. Nf3 Nf6 12. a3 Bb6 13. b4 d4 14. b5 dxc3 15. bxc6 bxc6 16. Ne5 Qc5 17. Nxc6 Rd7 18. Ne5 Re7 19. Qf3 Nd5 20. e4 f6 21. exd5 exd5 22. a4 Rhe8 23. Ba3 Qd4 24. Kd1 fxe5 25. Bxe7 Rxe7 26. Qxd5 Qf2 27. Qa8+ Kd7 28. Qc6+ Kd8 29. Rf1 Qd2# 0-1


[Site "https://www.chess.com"]

[Event "Late Titled Tuesday Blitz February 8 2022"]
[White "Nilsson, Joakim"]
[Black "Sailer, Mike"]
[WhiteFideId "1723383"]
[BlackFideId "2012901"]
[WhiteElo "2207"]
[BlackElo "2109"]
[Result "1/2-1/2"]
[Round "02"]
[TimeControl "180+1"]
[Date "2022.02.09"]
[WhiteClock "0:00:56"]
[BlackClock "0:00:09"]

1. Nf3 d5 2. b3 Nf6 3. Bb2 Bf5 4. g3 e6 5. Bg2 Be7 6. O-O O-O 7. c4 c6 8. d3 Nbd7 9. Nbd2 Re8 10. Rc1 a6 11. Rc2 b5 12. Nd4 Qb6 13. cxd5 cxd5 14. Nxf5 exf5 15. Nf3 Rac8 16. Nd4 g6 17. Qc1 Rxc2 18. Qxc2 Bc5 19. e3 Ne5 20. Rc1 Bxd4 21. Bxd4 Qb8 22. Qc3 b4 23. Qd2 Qb5 24. Rc5 Qxd3 25. Qxd3 Nxd3 26. Ra5 Ne4 27. Bxe4 dxe4 28. Rxa6 Rb8 29. a3 bxa3 30. Rxa3 Nc1 31. Be5 Rd8 32. Kg2 f6 33. Bxf6 Rb8 34. Be5 Rxb3 35. Ra8+ Kf7 36. Ra7+ Ke6 37. Bf4 h5 38. h4 Nd3 39. Rg7 Kf6 40. Rd7 Nxf4+ 41. gxf4 Rb2 42. Rd6+ Kg7 43. Kf1 Ra2 44. Rd1 Rb2 45. Re1 Ra2 46. Re2 Rxe2 47. Kxe2 Kf6 48. Kd2 Ke6 49. Kc2 Kd6 50. Kb3 Kd5 51. Kb4 Kd6 52. Kb3 Kd5 53. Kb4 Kd6 54. Kb3 1/2-1/2


[Site "https://www.chess.com"]

[Event "Late Titled Tuesday Blitz February 8 2022"]
[White "Noboa Silva, Kevin"]
[Black "Bernat, David"]
[WhiteFideId "3618471"]
[BlackFideId "2099225"]
[WhiteElo "2161"]
[BlackElo "2272"]
[Result "1-0"]
[Round "02"]
[TimeControl "180+1"]
[Date "2022.02.09"]
[WhiteClock "0:00:18"]
[BlackClock "0:00:29"]

1. e4 c5 2. c3 Nf6 3. e5 Nd5 4. d4 cxd4 5. cxd4 Nc6 6. Bc4 Nb6 7. Bb5 a6 8. Bxc6 dxc6 9. h3 g6 10. Nf3 Bg7 11. O-O O-O 12. Nc3 Nd5 13. Ne4 h6 14. Bd2 Bf5 15. Nc5 b6 16. Nb3 a5 17. a4 Nb4 18. Qc1 Nc2 19. Bxh6 Nxa1 20. Nxa1 Bd3 21. Re1 c5 22. dxc5 Rc8 23. Bxg7 Kxg7 24. Nb3 bxc5 25. Qc3 e6 26. Nxc5 Qd5 27. Qxd3 Rxc5 28. Qe3 Rfc8 29. Qf4 Qd8 30. Ng5 R8c7 31. Qh4 Qh8 32. Qf4 Qd8 33. b3 Rd5 34. Re3 Rd4 35. Qg3 Rc1+ 36. Kh2 Rdd1 37. Qf4 Qe7 38. Rf3 Rh1+ 39. Kg3 Rhg1 40. Qh4 1-0


[Site "https://www.chess.com"]

[Event "Late Titled Tuesday Blitz February 8 2022"]
[White "Nogerbek, Kazybek"]
[Black "Andrews, Todd"]
[WhiteFideId "13710427"]
[BlackFideId "2012456"]
[WhiteElo "2478"]
[BlackElo "2446"]
[Result "1-0"]
[Round "02"]
[TimeControl "180+1"]
[Date "2022.02.09"]
[WhiteClock "0:01:12"]
[BlackClock "0:00:07"]

1. c4 e5 2. Nc3 Nc6 3. Nf3 g6 4. d4 exd4 5. Nxd4 Bg7 6. Nxc6 bxc6 7. g3 Nf6 8. Bg2 O-O 9. O-O Rb8 10. Qa4 a6 11. Qa5 Re8 12. Rd1 Ng4 13. h3 Ne5 14. b3 Qf6 15. Bf4 Nxc4 16. bxc4 Qxc3 17. Qxc7 Rb2 18. Rab1 Qxc4 19. Rxb2 Bxb2 20. e4 a5 21. Qxa5 Bg7 22. h4 h5 23. a3 Kh7 24. Qc7 d5 25. exd5 Bg4 26. Rc1 Qe2 27. dxc6 Bf3 28. Qxf7 Rf8 29. Qc4 Qb2 30. Bxf3 Rxf4 31. Qxf4 Qxa3 32. c7 1-0


[Site "https://www.chess.com"]

[Event "Late Titled Tuesday Blitz February 8 2022"]
[White "Osiecki, Stanislaw"]
[Black "Przybylski, Wojciech"]
[WhiteFideId "1102990"]
[BlackFideId "1117599"]
[WhiteElo "2127"]
[BlackElo "2133"]
[Result "0-1"]
[Round "02"]
[TimeControl "180+1"]
[Date "2022.02.09"]
[WhiteClock "0:00:23"]
[BlackClock "0:00:52"]

1. e4 c5 2. c3 Nf6 3. e5 Nd5 4. d4 e6 5. Nf3 cxd4 6. cxd4 d6 7. a3 Be7 8. Bd3 b6 9. O-O Bb7 10. Bd2 h5 11. Nc3 h4 12. h3 Nd7 13. exd6 Bxd6 14. Ne4 Be7 15. Re1 Rc8 16. Rc1 Rxc1 17. Qxc1 Qc7 18. Qxc7 Nxc7 19. Bf4 Nd5 20. Bd6 f6 21. Bxe7 Kxe7 22. Rc1 g5 23. Nc3 Nf4 24. Be2 Rc8 25. Bd1 Nd3 26. Rc2 Nxb2 27. Rxb2 Rxc3 28. a4 Rc1 29. Rd2 Bxf3 30. gxf3 Kd6 31. Kg2 Ra1 32. Bb3 Ra3 33. Rd3 Nf8 34. Re3 a6 35. Rd3 Ng6 36. Re3 Nf4+ 37. Kh2 Ra1 38. Rc3 Rb1 39. Bc4 b5 40. axb5 axb5 41. Bd3 Rb2 42. Be4 Rxf2+ 43. Kh1 Rf1+ 44. Kh2 Rf2+ 45. Kh1 f5 46. Bb7 Rf1+ 47. Kh2 Rd1 48. Rc6+ Kd7 49. Rc5 Rd2+ 50. Kh1 b4 51. Rb5 Rxd4 52. Ba8 Ke7 53. Rb7+ Kf6 54. Rb8 Nxh3 55. Rf8+ Ke5 56. Rb8 Kf4 57. Re8 Kg3 0-1


[Site "https://www.chess.com"]

[Event "Late Titled Tuesday Blitz February 8 2022"]
[White "Ozates, Tuna"]
[Black "Zhigalko, Sergei"]
[WhiteFideId "6354521"]
[BlackFideId "13502956"]
[WhiteElo "1872"]
[BlackElo "2662"]
[Result "0-1"]
[Round "02"]
[TimeControl "180+1"]
[Date "2022.02.09"]
[WhiteClock "0:00:08"]
[BlackClock "0:00:34"]

1. e4 c5 2. Nf3 Nc6 3. Bb5 Nf6 4. Bxc6 dxc6 5. d3 Bg4 6. h3 Bh5 7. Nc3 Qc7 8. Be3 Nd7 9. Qd2 e6 10. O-O-O Be7 11. g4 Bg6 12. h4 h5 13. g5 O-O-O 14. Bf4 e5 15. Bg3 f6 16. Rdg1 Bf7 17. gxf6 gxf6 18. Ne1 Qa5 19. a3 c4 20. dxc4 Nb6 21. Nd3 Nxc4 22. Qe1 Nxa3 23. bxa3 Bxa3+ 24. Kd1 Bb4 25. Ke2 Bxc3 26. Qb1 Bc4 27. Rd1 Rh7 28. f4 Rhd7 29. fxe5 fxe5 30. Rhf1 Rd4 31. Ke3 Qa4 32. Bxe5 Rxe4+ 33. Kxe4 Bxd3+ 34. Kf3 Qg4+ 35. Ke3 Qe2+ 36. Kf4 Bxe5+ 37. Kg5 Qg4+ 0-1


[Site "https://www.chess.com"]

[Event "Late Titled Tuesday Blitz February 8 2022"]
[White "Pakleza, Zbigniew"]
[Black "Mortazavi, Ali"]
[WhiteFideId "1119290"]
[BlackFideId "401323"]
[WhiteElo "2467"]
[BlackElo "2339"]
[Result "1-0"]
[Round "02"]
[TimeControl "180+1"]
[Date "2022.02.09"]
[WhiteClock "0:01:35"]
[BlackClock "0:01:56"]

1. d4 Nf6 2. Nf3 g6 3. Bf4 Bg7 4. e3 O-O 5. Be2 d6 6. h3 c5 7. c3 Be6 8. dxc5 dxc5 9. Qxd8 Rxd8 10. Nbd2 Nc6 11. a4 Na5 12. Bc7 Nc6 13. Bxd8 Rxd8 14. a5 h6 15. Bc4 Bf5 16. Ke2 g5 17. Rhd1 Rc8 18. Nb3 g4 19. hxg4 Bxg4 20. Ke1 Ne4 21. Be2 Nxc3 22. bxc3 Bxc3+ 23. Nfd2 Bxa1 24. Bxg4 1-0


[Site "https://www.chess.com"]

[Event "Late Titled Tuesday Blitz February 8 2022"]
[White "Papp, Petra"]
[Black "Balint, Vilmos"]
[WhiteFideId "739049"]
[BlackFideId "718050"]
[WhiteElo "2259"]
[BlackElo "2059"]
[Result "1/2-1/2"]
[Round "02"]
[TimeControl "180+1"]
[Date "2022.02.09"]
[WhiteClock "0:00:05"]
[BlackClock "0:00:46"]

1. d4 Nf6 2. c4 e6 3. g3 Bb4+ 4. Bd2 c5 5. Nf3 O-O 6. Bg2 d6 7. O-O Qe7 8. Nc3 Bxc3 9. Bxc3 Ne4 10. Qc2 Nxc3 11. Qxc3 Nc6 12. Rfd1 Bd7 13. Rd2 Rad8 14. Rad1 Bc8 15. a3 h6 16. b4 cxb4 17. axb4 b6 18. e3 d5 19. cxd5 Nxb4 20. dxe6 Bxe6 21. Ne5 Rc8 22. Qa3 a5 23. Rb2 Rfd8 24. Nd3 Rc4 25. Rdb1 Bf5 26. e4 Bxe4 27. Re1 f5 28. f3 Qd7 29. fxe4 Qxd4+ 30. Nf2 Nc2 31. Rxc2 Rxc2 32. Rf1 fxe4 33. Bxe4 Rxf2 34. Rxf2 Qxe4 35. Qb3+ Kh8 36. Qxb6 Rd1+ 37. Rf1 Rxf1+ 38. Kxf1 Qf3+ 39. Kg1 Qd1+ 40. Kg2 Qd2+ 41. Kh3 Qd7+ 42. Kg2 a4 43. Qb8+ Kh7 44. Qb1+ Kg8 45. Qb8+ Kf7 46. Qf4+ Ke8 47. Qe4+ Kd8 48. Qa8+ Kc7 49. Qa7+ Kd6 50. Qd4+ Ke6 51. Qe4+ Kf6 52. Qf4+ Qf5 53. Qd6+ Qe6 54. Qd4+ Kf7 55. Qxa4 Qe2+ 56. Kg1 Qe1+ 57. Kg2 Qe2+ 58. Kg1 h5 59. Qf4+ Kg6 60. Qf2 Qd1+ 61. Qf1 Qd4+ 62. Qf2 Qa1+ 63. Kg2 Qa8+ 64. Qf3 Qa2+ 65. Qf2 Qd5+ 66. Qf3 Qg5 67. Qd3+ Kh6 68. Qf3 g6 69. Qf4 Qxf4 70. gxf4 Kg7 71. Kg3 Kf6 72. Kf3 Kf5 73. h3 h4 74. Ke3 Kf6 75. Kf3 Ke6 76. Kg4 Kf6 77. Kxh4 Kf5 78. Kg3 g5 79. fxg5 Kxg5 80. h4+ Kh5 81. Kh3 Kh6 82. Kg4 Kh7 83. h5 Kh8 84. h6 Kg8 85. h7+ Kh8 86. Kg5 Kxh7 1/2-1/2


[Site "https://www.chess.com"]

[Event "Late Titled Tuesday Blitz February 8 2022"]
[White "Peatman, Carter"]
[Black "Mirza, Diana"]
[WhiteFideId "2096480"]
[BlackFideId "2503999"]
[WhiteElo "2425"]
[BlackElo "1813"]
[Result "1-0"]
[Round "02"]
[TimeControl "180+1"]
[Date "2022.02.09"]
[WhiteClock "0:00:35"]
[BlackClock "0:00:06"]

1. d4 Nf6 2. Nf3 d6 3. Bf4 g6 4. e3 Bg7 5. h3 c5 6. c3 cxd4 7. cxd4 Bd7 8. Bh2 Nc6 9. Nc3 Rc8 10. Rc1 O-O 11. Be2 Ne8 12. O-O e5 13. d5 Ne7 14. Qb3 f5 15. Nd2 f4 16. exf4 exf4 17. Nb5 Qb6 18. Rxc8 Bxc8 19. Nc4 Qc5 20. Bf3 Kh8 21. Rd1 a6 22. Nc3 b5 23. Nd2 Bb7 24. Nde4 Qb6 25. Ng5 Rf5 26. Ne6 Be5 27. Bg4 Rf6 28. Bf3 Nc7 29. Ng5 Rf5 30. h4 h6 31. Ne6 Nxe6 32. dxe6 Bxf3 33. gxf3 Bf6 34. Ne4 Bxh4 35. Rxd6 Qb7 36. Qc3+ Kg8 37. Rd7 Qc8 38. Qd4 Nc6 39. Qg7# 1-0


[Site "https://www.chess.com"]

[Event "Late Titled Tuesday Blitz February 8 2022"]
[White "Pesotskiy, Mikhail"]
[Black "Gatterer, Florian"]
[WhiteFideId "34164453"]
[BlackFideId "811688"]
[WhiteElo "2010"]
[BlackElo "2218"]
[Result "1/2-1/2"]
[Round "02"]
[TimeControl "180+1"]
[Date "2022.02.09"]
[WhiteClock "0:01:31"]
[BlackClock "0:00:12"]

1. d4 d5 2. c4 c6 3. Nf3 Nf6 4. Nbd2 Bf5 5. Nh4 Be4 6. f3 Bg6 7. Qb3 Qc7 8. g3 e6 9. Bg2 Be7 10. e4 dxe4 11. fxe4 Bh5 12. Nhf3 Nbd7 13. O-O e5 14. Nxe5 Nxe5 15. dxe5 Ng4 16. Kh1 Bc5 17. Bf3 Qxe5 18. h3 Nf6 19. Bxh5 Nxh5 20. Kg2 O-O 21. Rf5 Qd4 22. Rf1 Nf6 23. Qf3 Rae8 24. Rd1 Nxe4 25. Nxe4 Qxe4 26. Qxe4 Rxe4 27. Bf4 Re2+ 28. Kf3 Rf2+ 29. Kg4 g6 30. h4 h5+ 31. Kh3 Rxb2 32. Rd7 Re8 33. Rd2 Rxd2 34. Bxd2 Re2 35. Bf4 f6 36. Rb1 b6 37. Bb8 a5 38. Ba7 Kf7 39. Bxb6 Bxb6 40. Rxb6 Rxa2 41. Rxc6 a4 42. Ra6 a3 43. c5 Rc2 44. Rxa3 Rxc5 45. Ra6 Re5 46. Kg2 Re6 47. Ra7+ Re7 48. Ra6 Re6 49. Ra7+ Re7 50. Ra5 Re6 51. Ra7+ 1/2-1/2


[Site "https://www.chess.com"]

[Event "Late Titled Tuesday Blitz February 8 2022"]
[White "Petersson, Kjell"]
[Black "Adewumi, Tanitoluwa"]
[WhiteFideId "1705148"]
[BlackFideId "30966396"]
[WhiteElo "2009"]
[BlackElo "2444"]
[Result "0-1"]
[Round "02"]
[TimeControl "180+1"]
[Date "2022.02.09"]
[WhiteClock "0:00:04"]
[BlackClock "0:01:26"]

1. d4 g6 2. e4 Bg7 3. Nc3 c6 4. Be3 d5 5. e5 h5 6. Qd2 Nh6 7. Nf3 Bg4 8. Be2 Bxf3 9. Bxf3 Nf5 10. Bg5 Qb6 11. O-O-O e6 12. Kb1 Nd7 13. h4 c5 14. Bxd5 exd5 15. Nxd5 Qc6 16. dxc5 O-O 17. g4 hxg4 18. h5 Nxe5 19. hxg6 fxg6 20. Rh2 Nf3 21. Qf4 Nxh2 22. Qxh2 Kf7 23. Qf4 Rad8 24. Qxg4 Rxd5 25. Bd2 Rfd8 26. Qf4 Qf6 27. c3 Bh6 28. Qc7+ R8d7 0-1


[Site "https://www.chess.com"]

[Event "Late Titled Tuesday Blitz February 8 2022"]
[White "Pichot, Alan"]
[Black "Kanakaris, Georgios"]
[WhiteFideId "110973"]
[BlackFideId "4209460"]
[WhiteElo "2543"]
[BlackElo "2134"]
[Result "1-0"]
[Round "02"]
[TimeControl "180+1"]
[Date "2022.02.08"]
[WhiteClock "0:00:57"]
[BlackClock "0:01:02"]

1. e4 e6 2. d4 d5 3. Nc3 Bb4 4. e5 c5 5. a3 Bxc3+ 6. bxc3 Nc6 7. Qg4 g6 8. a4 Qa5 9. Bd2 c4 10. h4 h6 11. Qf4 Bd7 12. Nf3 Rh7 13. Be2 O-O-O 14. O-O Rf8 15. Rfb1 Qc7 16. Bc1 f6 17. Ba3 Rff7 18. Bd6 fxe5 19. Qxf7 Rxf7 20. Bxc7 Kxc7 21. dxe5 Nge7 22. g3 Rf5 23. a5 Nxe5 24. Nd4 Rf6 25. f4 Nf7 26. Bg4 Nd6 27. Rb2 Nef5 28. Bxf5 gxf5 29. Rab1 Rg6 30. Kh2 h5 31. Nf3 Ne4 32. Rxb7+ Kd6 33. Rxd7+ Kxd7 34. Ne5+ 1-0


[Site "https://www.chess.com"]

[Event "Late Titled Tuesday Blitz February 8 2022"]
[White "Pinheiro, Iung Alicio de O."]
[Black "Boros, Denes"]
[WhiteFideId "2104350"]
[BlackFideId "722340"]
[WhiteElo "2585"]
[BlackElo "2464"]
[Result "1/2-1/2"]
[Round "02"]
[TimeControl "180+1"]
[Date "2022.02.08"]
[WhiteClock "0:00:45"]
[BlackClock "0:00:33"]

1. e4 g6 2. d4 d5 3. exd5 Qxd5 4. Nc3 Qd8 5. Bc4 Bg7 6. Nf3 Nf6 7. h3 O-O 8. O-O a6 9. a4 Nc6 10. Bf4 b6 11. Re1 Bb7 12. Qd2 Nb4 13. Be2 e6 14. Rad1 Rc8 15. Ne5 c5 16. dxc5 Qxd2 17. Rxd2 Rxc5 18. Nd3 Nxd3 19. Rxd3 Rfc8 20. Red1 Nd5 21. Nxd5 Bxd5 22. c3 Rc4 23. Be3 Rxa4 24. Bxb6 Rb8 25. Be3 Rxb2 26. Bf3 Rb8 27. Bxd5 exd5 28. Rxd5 Bxc3 29. Bh6 Ra1 30. Rxa1 Bxa1 31. Ra5 Bg7 32. Bxg7 Kxg7 33. Rxa6 h5 1/2-1/2


[Site "https://www.chess.com"]

[Event "Late Titled Tuesday Blitz February 8 2022"]
[White "Polanco Nunez, Yoel Estarling"]
[Black "Loay, Sameer"]
[WhiteFideId "6401783"]
[BlackFideId "8104239"]
[WhiteElo "2132"]
[BlackElo "2040"]
[Result "1-0"]
[Round "02"]
[TimeControl "180+1"]
[Date "2022.02.09"]
[WhiteClock "0:00:07"]
[BlackClock "0:00:14"]

1. e4 d6 2. d4 g6 3. Nc3 Bg7 4. Be3 a6 5. Nf3 b5 6. Bd3 Bb7 7. h3 Nd7 8. a4 b4 9. Ne2 c5 10. c3 Ngf6 11. Ng3 Qa5 12. O-O bxc3 13. bxc3 O-O 14. Qe2 Rfc8 15. Rfb1 Rab8 16. Bd2 c4 17. Bxc4 Nxe4 18. Nxe4 d5 19. Neg5 dxc4 20. Qxe7 Qd5 21. Re1 Bf6 22. Qe3 Re8 23. Qxe8+ Rxe8 24. Rxe8+ Kg7 25. Rae1 Nf8 26. Ne4 Ne6 27. Nxf6 Kxf6 28. Bh6 g5 29. Re5 Qd7 30. Rg8 Bxf3 31. gxf3 Qb7 32. Bxg5+ Nxg5 33. Rgxg5 Qb1+ 34. Kg2 h6 35. Rg4 Qc2 36. Rf4+ Kg6 37. Re3 Qxa4 38. d5 Qd7 39. Rd4 a5 40. d6 a4 41. Re5 Qd8 42. Rc5 a3 43. Rcxc4 Qa8 44. Ra4 Qc6 45. d7 Qxc3 46. d8=Q a2 47. Qd6+ f6 48. Rxa2 Qc1 49. Re2 Qg5+ 50. Qg3 h5 51. Qxg5+ Kxg5 52. Rd6 f5 53. Re3 h4 54. Rb3 Kf4 55. Rd4+ Kg5 56. Ra4 Kh5 57. Rb5 Kg5 58. Raa5 Kg6 59. Rxf5 Kh6 60. Rf4 Kg6 61. Rg4+ Kh6 62. Rag5 1-0


[Site "https://www.chess.com"]

[Event "Late Titled Tuesday Blitz February 8 2022"]
[White "Postnikov, Daniil"]
[Black "Costachi, Mihnea"]
[WhiteFideId "4166329"]
[BlackFideId "1217518"]
[WhiteElo "2261"]
[BlackElo "2464"]
[Result "1/2-1/2"]
[Round "02"]
[TimeControl "180+1"]
[Date "2022.02.08"]
[WhiteClock "0:00:12"]
[BlackClock "0:00:46"]

1. e4 c5 2. Nf3 d6 3. Bb5+ Bd7 4. Bxd7+ Qxd7 5. c4 Nc6 6. d4 cxd4 7. Nxd4 Nxd4 8. Qxd4 Nf6 9. Nc3 g6 10. b3 Bg7 11. Bb2 O-O 12. O-O a6 13. a4 Qg4 14. h3 Qh4 15. Nd5 Nh5 16. Qd2 e6 17. Bxg7 Nxg7 18. Nc3 Rfd8 19. Rad1 Rd7 20. f4 Rad8 21. Kh2 Nh5 22. Qe3 Nf6 23. Qf3 Qh5 24. g4 Qa5 25. f5 Qe5+ 26. Kg2 gxf5 27. exf5 exf5 28. Nd5 Nxd5 29. Rxd5 Qe4 30. gxf5 Qxf3+ 31. Rxf3 Kg7 32. f6+ Kg6 33. h4 h6 34. h5+ Kh7 35. Rg3 Rg8 36. Rxg8 Kxg8 37. Kg3 Rd8 38. Kf4 Kf8 39. Rd3 b6 40. Ke4 Rc8 41. Rxd6 Rb8 42. Kd5 b5 43. cxb5 axb5 44. a5 b4 45. Kc4 Kg8 46. a6 Kh7 47. a7 Rc8+ 48. Kxb4 Rb8+ 49. axb8=Q 1/2-1/2


[Site "https://www.chess.com"]

[Event "Late Titled Tuesday Blitz February 8 2022"]
[White "Potapova, Margarita"]
[Black "Pavlidou, Ekaterini"]
[WhiteFideId "14126869"]
[BlackFideId "4213262"]
[WhiteElo "2209"]
[BlackElo "2127"]
[Result "1-0"]
[Round "02"]
[TimeControl "180+1"]
[Date "2022.02.09"]
[WhiteClock "0:00:08"]
[BlackClock "0:00:43"]

1. d4 Nf6 2. c4 g6 3. Nc3 Bg7 4. e4 d6 5. h3 O-O 6. Be3 Nbd7 7. g4 c5 8. d5 e6 9. dxe6 fxe6 10. Qxd6 Qa5 11. Bd2 Ne8 12. Qd3 Ne5 13. Qe2 Nd6 14. Nb5 Qb6 15. Nxd6 Qxd6 16. O-O-O Nc6 17. Nf3 Nd4 18. Nxd4 cxd4 19. f4 e5 20. f5 b5 21. Kb1 a6 22. Rc1 Bd7 23. c5 Qe7 24. h4 Rfc8 25. Bh3 Rxc5 26. g5 Bf8 27. f6 Qd8 28. Bxd7 Qxd7 29. Rxc5 Bxc5 30. h5 d3 31. Qh2 Bd4 32. hxg6 hxg6 33. Qh8+ Kf7 34. Qxa8 Ke6 35. Qxa6+ Qd6 36. Qxd6+ Kxd6 37. Rh7 1-0


[Site "https://www.chess.com"]

[Event "Late Titled Tuesday Blitz February 8 2022"]
[White "Pourkashiyan, Atousa"]
[Black "Demchenko, Anton"]
[WhiteFideId "12502014"]
[BlackFideId "4160258"]
[WhiteElo "2247"]
[BlackElo "2539"]
[Result "0-1"]
[Round "02"]
[TimeControl "180+1"]
[Date "2022.02.09"]
[WhiteClock "0:00:16"]
[BlackClock "0:00:06"]

1. e4 e5 2. Nf3 Nc6 3. Bb5 a6 4. Ba4 Nge7 5. Nc3 d6 6. d4 b5 7. Bb3 Nxd4 8. Nxd4 exd4 9. Nd5 c5 10. a4 c4 11. Ba2 Nxd5 12. exd5 Be7 13. Qxd4 O-O 14. O-O Bf6 15. Qd1 Bf5 16. c3 Qd7 17. Bb1 Rab8 18. Bf4 Bxb1 19. Qxb1 b4 20. Qe4 Rfc8 21. Rac1 bxc3 22. bxc3 h6 23. Be3 Qxa4 24. Qf5 Qe8 25. Bf4 Qd8 26. Qg4 Kh8 27. Qg3 Rb6 28. Ra1 Ra8 29. h3 Rb3 30. Bxd6 Rxc3 31. Qf4 Rd3 32. Rfd1 Bxa1 33. Rxa1 Rxd5 34. Be5 f6 35. Bc3 Rd1+ 36. Rxd1 Qxd1+ 37. Kh2 Qd8 38. Qxc4 a5 39. g3 a4 40. Bb4 a3 41. Qa2 Qd4 42. Be7 Qb2 43. Qf7 Qxf2+ 44. Kh1 a2 45. Bxf6 Qxf6 46. Qxf6 gxf6 0-1


[Site "https://www.chess.com"]

[Event "Late Titled Tuesday Blitz February 8 2022"]
[White "Pulvett Marin, Daniel Eduardo"]
[Black "Pranav, V"]
[WhiteFideId "3900410"]
[BlackFideId "25060783"]
[WhiteElo "2413"]
[BlackElo "2349"]
[Result "0-1"]
[Round "02"]
[TimeControl "180+1"]
[Date "2022.02.08"]
[WhiteClock "0:00:06"]
[BlackClock "0:00:07"]

1. d4 Nf6 2. c4 e6 3. Nf3 b6 4. g3 Ba6 5. Qc2 Bb7 6. Bg2 c5 7. d5 exd5 8. cxd5 Nxd5 9. Qb3 Qc8 10. Ne5 c4 11. Qf3 Bb4+ 12. Bd2 Bxd2+ 13. Nxd2 O-O 14. Ndxc4 Qc7 15. Rd1 b5 16. Ne3 Nxe3 17. Qxb7 Qxe5 18. fxe3 Nc6 19. Qxd7 Nb4 20. Bxa8 Nc2+ 21. Kd2 Nxe3 22. Bf3 Nxd1 23. Rxd1 Qxb2+ 24. Ke1 a6 25. Bd5 h6 26. Bb3 Qe5 27. Qd4 Qh5 28. h4 a5 29. Qd5 Qg4 30. Qe5 a4 31. Bd5 Kh8 0-1


[Site "https://www.chess.com"]

[Event "Late Titled Tuesday Blitz February 8 2022"]
[White "Punin, Andrii"]
[Black "Laith, Kasib"]
[WhiteFideId "14112639"]
[BlackFideId "4801059"]
[WhiteElo "2357"]
[BlackElo "1982"]
[Result "1-0"]
[Round "02"]
[TimeControl "180+1"]
[Date "2022.02.09"]
[WhiteClock "0:00:11"]
[BlackClock "0:00:02"]

1. e4 d6 2. d4 Nf6 3. Nc3 g6 4. Be3 c6 5. h3 Bg7 6. f4 Nbd7 7. Nf3 b5 8. a3 Qa5 9. Bd3 a6 10. O-O Qc7 11. e5 Nd5 12. Nxd5 cxd5 13. Qe1 Nb6 14. Rd1 Nc4 15. Bc1 Bd7 16. Ng5 e6 17. f5 gxf5 18. Bxf5 dxe5 19. Nxf7 Kxf7 20. Bg6+ Kg8 21. Bf7+ Kf8 22. Bxe6+ Ke8 23. Bxd5 Ra7 24. Bg5 Bc6 25. Bf7+ Kf8 26. Bxc4+ Ke8 27. Bf7+ Kd7 28. dxe5+ Kc8 29. Rd6 Qb6+ 30. Kh2 Rxf7 31. Rxf7 Rg8 32. Qg3 Qc5 33. Bf6 Bf8 34. Qxg8 Qc3 35. Qxf8+ 1-0


[Site "https://www.chess.com"]

[Event "Late Titled Tuesday Blitz February 8 2022"]
[White "Ramirez, Alejandro"]
[Black "Aaditya Dhingra"]
[WhiteFideId "6500617"]
[BlackFideId "25678191"]
[WhiteElo "2694"]
[BlackElo "1789"]
[Result "1-0"]
[Round "02"]
[TimeControl "180+1"]
[Date "2022.02.09"]
[WhiteClock "0:02:03"]
[BlackClock "0:00:19"]

1. b3 e5 2. Bb2 Nc6 3. e3 d5 4. Bb5 Bd6 5. f4 Qe7 6. Nf3 e4 7. Bxg7 exf3 8. Qxf3 f6 9. Bxh8 Bd7 10. Nc3 O-O-O 11. Nxd5 Qf8 12. O-O-O Kb8 13. Kb1 Nd4 14. exd4 Bxb5 15. Rhe1 Bc6 16. Qh5 Bxd5 17. Qxd5 Ne7 18. Qh5 Qxh8 19. g3 Qg8 20. Re2 Nc6 21. c3 a5 22. Rde1 Qg6+ 23. Qxg6 hxg6 24. Re8 Kc8 25. d5 Nb8 26. R1e6 Nd7 27. h4 b6 28. d4 Bf8 29. Kc2 Bd6 30. Kd3 g5 31. fxg5 fxg5 32. hxg5 Bxg3 33. g6 1-0


[Site "https://www.chess.com"]

[Event "Late Titled Tuesday Blitz February 8 2022"]
[White "Reprintsev, Alexander"]
[Black "Araujo Filho, Luiz Antonio Coel"]
[WhiteFideId "14100541"]
[BlackFideId "2130661"]
[WhiteElo "2126"]
[BlackElo "2257"]
[Result "1-0"]
[Round "02"]
[TimeControl "180+1"]
[Date "2022.02.09"]
[WhiteClock "0:01:22"]
[BlackClock "0:00:00"]

1. e4 c6 2. b3 d5 3. Qe2 dxe4 4. Nc3 Nf6 5. Nxe4 Nxe4 6. Qxe4 Nd7 7. Bb2 e6 8. Nf3 Nf6 9. Qh4 Be7 10. Ne5 Qc7 11. Qg3 O-O 12. Ng6 Bd6 13. Ne5 Nd7 14. f4 Nxe5 15. fxe5 Be7 16. Bd3 c5 17. O-O b6 18. Rf6 Bxf6 19. exf6 Qxg3 20. hxg3 gxf6 21. Be4 Rb8 22. Bxf6 Ba6 23. d3 Bb7 24. Be5 Bxe4 25. Bxb8 Rxb8 26. dxe4 Rd8 27. c3 Rd2 28. b4 cxb4 29. cxb4 Kg7 30. a4 Rd4 31. a5 Rxb4 32. axb6 axb6 33. Re1 b5 34. Kf2 Kf6 35. Kf3 Ke5 36. Re3 1-0


[Site "https://www.chess.com"]